[Event "MČR 2022 blesk"]
[Site "Turnov, Czech Republic"]
[Date "2022.09.10"]
[Round "9.8"]
[White "Jurek, Josef"]
[Black "Pisk, Petr"]
[Result "1/2-1/2"]
[TimeControl "2x 3 min + 2s/move"]
[WhiteElo "2143"]
[BlackElo "2312"]

1. e4 e6 2. d4 d5 3. Nc3 Bb4 4. e5 c5 5. a3 Bxc3+ 6. bxc3 Qa5 7. Bd2 Qa4 8. Nf3 Nc6 9. Be3 Nge7 10. Bd3 c4 11. Be2 Bd7 12.
O-O h6 13. Qd2 O-O-O 14. Rfb1 b6 15. Ne1 Nf5 16. f4 Rdg8 17. Bg4 Nxe3 18. Qxe3 g6 19. Qf2 Ne7 20. Nf3 Qa5 21. Rb4 Nc6 22. Nd2 Nxb4 23. cxb4 Qa4 24. c3 Rh7 25. Bd1 Qa6 26. Bc2 Ba4 27. Nf3 Rhg7 28. Kf1 Bxc2 29. Qxc2 Qb7 30. a4 a6 31. g3 Qe7 32. a5 b5 33. Ke2 g5 34. Rf1 gxf4 35. gxf4 Rg2+ 36. Rf2 Rxf2+ 37. Kxf2 Qf8 38. Qh7 Qg7 39. Qxg7 Rxg7 40. Ne1 Kd7 41. Ng2 Ke7 42. Ne3 f6 43. h4 fxe5 44. dxe5 Kf7 45. Nc2 Kg6 46. Nd4 Re7 47. Kf3 Kh5 48. Kg3 Kg6 49. Kg4 h5+ 50. Kf3 Re8 51. Kg3 Kf7 52. Kf3 Rg8 53. Nc6 1/2-1/2

[Event "MČR 2022 blesk"]
[Site "Turnov, Czech Republic"]
[Date "2022.09.10"]
[Round "10.1"]
[White "Plat, Vojtech"]
[Black "Novosadova, Kristyna"]
[Result "1-0"]
[TimeControl "2x 3 min + 2s/move"]
[WhiteElo "2484"]
[BlackElo "2050"]

1. d4 Nf6 2. Nf3 g6 3. e3 Bg7 4.
c4 d5 5. Nc3 O-O 6. Be2 c6 7. O-O Bf5 8. Ne5 dxc4 9.
Bxc4 b5 10. Bb3 Qc7 11. f4 Nbd7 12. Qf3 Nxe5 13. fxe5 Nd7 14. Bd2 Bd3 15. Rf2 e6 16. Rc1 Qb6 17.
Ne4 Bxe4 18. Qxe4 Rac8 19. Rxf7 Kxf7 20. Rf1+ Ke8 21. Bxe6 Rxf1+ 22. Kxf1 Kd8 23. Qf3 Kc7 24. Ke2 Rf8 25.
Qh3 b4 26. Bc4 h5 27. e6 Nf6 28. Qg3+ Kb7 29. Qxg6 Qc7 30. Bxb4 Rg8 31. Bc5 Bh8 32. Qf7 Rxg2+ 33. Kf3 Rg8 34. Ba6+ Kb8 35. Bd6 Nd5 36. Qxg8# 1-0

[Event "MČR 2022 blesk"]
[Site "Turnov, Czech Republic"]
[Date "2022.09.10"]
[Round "10.5"]
[White "Polak, Tomas"]
[Black "Lajbl, Jan"]
[Result "1-0"]
[TimeControl "2x 3 min + 2s/move"]
[WhiteElo "2475"]
[BlackElo "1969"]

1. Nf3 d5 2. c4 d4 3. e3 c5 4. b4 dxe3 5. fxe3 cxb4 6. d4 Nf6 7. Bd3 Bg4 8. O-O e6 9. Bb2 Bd6 10. Qe1 Nbd7 11. Nbd2 Qe7 12.
c5 Bc7 13. Nc4 Bxf3 14. Rxf3 O-O 15. Qh4 h6 16. Raf1 Nd5 17.
Qh3 e5 18. Bf5 e4 19. R3f2 N7f6 20. Ne5 Nc3 21. Ng4 Nxg4 22. Qxg4 Rae8 23. Rc2 Nd5 24.
Qh3 Qg5 25. Re2 g6 26. Bd7 Re7 27. Bb5 h5 28. Bc4 Nf6 29. Rxf6 Qxf6 30. d5 Qg5 31. d6 Ree8 32. dxc7 Qxc5 33. Bb3 Qxc7 34. Qh4 1-0

[Event "MČR 2022 blesk"]
[Site "Turnov, Czech Republic"]
[Date "2022.09.10"]
[Round "11.1"]
[White "Sott, Pavel"]
[Black "Plat, Vojtech"]
[Result "0-1"]
[TimeControl "2x 3 min + 2s/move"]
[WhiteElo "2208"]
[BlackElo "2484"]

1. e4 d6 2. d4 Nf6 3. Nc3 e5 4. dxe5 dxe5 5. Qxd8+ Kxd8 6. Bc4 Be6 7. Bxe6 fxe6 8. Nge2 Nc6 9. Bg5 Bc5 10. O-O-O+ Ke7 11. f3 h6 12.
Bxf6+ gxf6 13. a3 a6 14. Rd3 Rhd8 15. Rhd1 Rxd3 16. Rxd3 b5 17. Kd2 Bb6 18. Ke1 Nd4 19. Nxd4 exd4 20. Ne2 e5 21. f4 Rg8 22. fxe5 fxe5 23. Rg3 Rd8 24. Rg6 d3 25. cxd3 Rxd3 26. Ng3 Rb3 27. Nf5+ Kf7 28. Rxh6 Rxb2 29. g4 Rg2 30. Rh7+ Kf6 31. Rh6+ Kg5 32. h4+ Kf4 33. g5 Kxe4 34. Ne7 Kd3 35. Rf6 Rg4 36. Nd5 Bd4 37. g6 Rg1+ 38. Rf1 Rxg6 39. h5 Rh6 40. Rh1 c5 41. Ne7 e4 42. Nf5 Rf6 43. Ne7 e3 44. h6 Bc3+ 45. Kd1 Rf1+ 0-1

[Event "MČR 2022 blesk"]
[Site "Turnov, Czech Republic"]
[Date "2022.09.10"]
[Round "11.3"]
[White "Blecha, Miroslav"]
[Black "Balacek, Tadeas"]
[Result "1-0"]
[TimeControl "2x 3 min + 2s/move"]
[WhiteElo "2013"]
[BlackElo "2257"]

1. d4 d6 2. Nf3 Nf6 3. c4 g6 4.
Nc3 Bg7 5. Bg5 c5 6. d5 O-O 7.
e3 Na6 8. h3 Nc7 9. a4 Na6 10. Be2 Nb4 11. e4 a6 12. O-O Qc7 13. Re1 e5 14. dxe6 Bxe6 15. Qd2 Rad8 16. Bf1 Rd7 17. Nd5 Bxd5 18. exd5 Re7 19. Rxe7 Qxe7 20. Re1 Qd7 21. b3 Re8 22. Qf4 Rxe1 23. Nxe1 Nh5 24. Qe4 Nf6 25. Qe2 h6 26. Bf4 Nh5 27. Bh2 Qf5 28. g4 Qg5 29. h4 Qxh4 30. gxh5 g5 31.
Bxd6 Qd4 32. Bg3 Bf6 33. Nf3 Qc3 34. Be5 Bxe5 35. Nxe5 Qd4 36. Nf3 b5 37. Nxd4 1-0

[Event "MČR 2022 blesk"]
[Site "Turnov, Czech Republic"]
[Date "2022.09.10"]
[Round "11.5"]
[White "Dolezal, Radoslav"]
[Black "Polak, Tomas"]
[Result "1-0"]
[TimeControl "2x 3 min + 2s/move"]
[WhiteElo "2347"]
[BlackElo "2475"]

1. d4 Nf6 2. Bg5 e6 3. e3 h6 4. Bh4 b6 5. f4 Bb7 6. Nf3 Be7 7. Bd3 Ne4 8. Bxe7 Qxe7 9. Nbd2 Nxd2 10. Qxd2 Bxf3 11. gxf3 Qh4+ 12. Qf2 Qxf2+ 13. Kxf2 Nc6 14. c3 Ke7 15. f5 e5 16. Rag1 Kf6 17. Rg4 Rae8 18. Rhg1 Rhg8 19. Bb5 Re7 20. Bxc6 dxc6 21. dxe5+ Rxe5 22. e4 Rb5 23. Rb1 Rd8 24. Ke3 Re8 25. Kd3 Rd8+ 26. Kc2 Re5 27. Rbg1 Rg8 28. Rd1 Re7 29. Rg2 Ke5 30. Rdg1 f6 31. Kd3 Rd8+ 32. Ke3 Rg8 33. Rd1 g5 34. fxg6 f5 35. f4+ Kf6 36. e5+ Ke6 37. h4 h5 38.
Rg5 Reg7 39. Rdg1 a5 40. Rxh5 Rxg6 41. Rxg6+ Rxg6 42.
Rg5 Rh6 43. h5 Rh7 44. Rg6+ Kd5 45. h6 b5 46.
Kf3 c5 47. Kg3 Ke4 48. e6 c4 49. Rf6 b4 50. Kh4 Kxf4 51. Kh5 Ke5 52.
Rf7 Rh8 53. e7 Re8 54. Kg6 Ke6 55. h7 f4 56. Rxf4 Kd5 1-0

[Event "MČR 2022 blesk"]
[Site "Turnov, Czech Republic"]
[Date "2022.09.10"]
[Round "11.6"]
[White "Roubalik, Jakub"]
[Black "Postupa, Pavel"]
[Result "0-1"]
[TimeControl "2x 3 min + 2s/move"]
[WhiteElo "2276"]
[BlackElo "2223"]

1. e4 c5 2. c3 e6 3. Nf3 d5 4. e5 Nc6 5. d4 Qb6 6. Bd3 Bd7 7. O-O cxd4 8. Re1 Rc8 9. h4 Nh6 10. a3 Ng4 11. Qe2 dxc3 12. Nxc3 Bc5 13. Rf1 Be7 14. Bf4 h5 15. Rac1 Nd4 16. Nxd4 Qxd4 17. Bg3 a6 18. Rfd1 Qb6 19. b4 O-O 20. Bb1 Rc4 21. Bd3 Rc7 22. Rc2 Rfc8 23. Rdc1 g6 24. Kf1 Qd4 25. Nd1 Rxc2 26. Rxc2 Rxc2 27. Bxc2 Bf8 28. Bd3 Bg7 29.
f4 Ba4 30. Nf2 Ne3+ 31. Kg1 Nf5 32. Bh2 Nxh4 33. g3 Nf5 34. Kg2 Bc6 35. Bg1 Qe3 36.
Qxe3 Nxe3+ 37. Kf3 Nf5 38. Bh2 Kf8 39. Ke2 Ke7 40. Nd1 Kd7 41. Nc3 Nd4+ 42. Kf2 Nf5 43. Ke2 Bh6 44. Kf2 Bg7 45. Bxf5 gxf5 46. Ke3 f6 47. Kd4 fxe5+ 48. fxe5 Bh6 49. Ne2 Bb5 50. Nf4 Bxf4 51. gxf4 Kc6 52. Bg3 Bf1 53. Bh4 Kb5 54. Kc3 Ka4 55. Kb2 d4 56. Bf2 d3 57. Be3 h4 58. b5 axb5 0-1

[Event "MČR 2022 blesk"]
[Site "Turnov, Czech Republic"]
[Date "2022.09.10"]
[Round "11.8"]
[White "Pisk, Petr"]
[Black "Vicar, Petr"]
[Result "1-0"]
[TimeControl "2x 3 min + 2s/move"]
[WhiteElo "2312"]
[BlackElo "2064"]

1. d4 Nf6 2. Bg5 g6 3. Bxf6 exf6 4. e3 Bg7 5. g3 O-O 6. Bg2 d5 7. Ne2 c6 8. O-O Bf5 9. Nd2 Qd7 10. c4 dxc4 11. Nxc4 Bh3 12. Bxh3 Qxh3 13.
Qb3 Qd7 14. a4 Na6 15. Nc3 Rfe8 16. Rfd1 Rad8 17. Nd2 f5 18. Nf3 Qc7 19. Qc4 c5 20. d5 Nb4 21. Nb5 Qb6 22. a5 Qf6 23. Qxc5 Qxb2 24. Rab1 Rxd5 25.
Rxb2 Rxd1+ 26. Kg2 Bxb2 27. Qxb4 Bg7 28. Nxa7 Ra1 29. Nb5 Ra8 30. Nbd4 R8xa5 31. Qxb7 R5a2 1-0

[Event "MČR 2022 blesk"]
[Site "Turnov, Czech Republic"]
[Date "2022.09.10"]
[Round "12.1"]
[White "Lajbl, Jan"]
[Black "Plat, Vojtech"]
[Result "0-1"]
[TimeControl "2x 3 min + 2s/move"]
[WhiteElo "1969"]
[BlackElo "2484"]

1. e4 d6 2. d4 Nf6 3. Nc3 e5 4. Nge2 exd4 5. Nxd4 Be7 6. Bf4 c6 7. Qd2 b5 8.
a3 O-O 9. O-O-O a5 10. f3 b4 11.
axb4 axb4 12. Nb1 c5 13. Nb5 Ra1 14. Bxd6 Be6 15. b3 Bxd6 16. Qxd6 Qa5 17. Bd3 Nbd7 18. Kd2 c4 19. bxc4 Nb6 20. Ke3 Bxc4 21. Nd4 Ra2 22.
Nd2 Bxd3 23. cxd3 Re8 24. N2b3 Nbd5+ 0-1

[Event "MČR 2022 blesk"]
[Site "Turnov, Czech Republic"]
[Date "2022.09.10"]
[Round "12.8"]
[White "Papay, Jindrich"]
[Black "Pisk, Petr"]
[Result "0-1"]
[TimeControl "2x 3 min + 2s/move"]
[WhiteElo "1798"]
[BlackElo "2312"]

1. c4 Nf6 2. g3 g6 3. Bg2 Bg7 4. Nc3 c5 5. Nf3 O-O 6. O-O Nc6 7. d4 cxd4 8. Nxd4 Nxd4 9. Qxd4 d6 10. Qd3 a6 11. Be3 Qc7 12. Rac1 Bf5 13. Qd2 Rac8 14. b3 Rfe8 15.
Rfd1 Ng4 16. Bd4 Bxd4 17. Qxd4 Nf6 18. h3 Bd7 19. Kh2 Bc6 20. Nd5 Bxd5 21. Bxd5 b6 22. Bg2 Qc5 23. Bb7 Qxd4 24. Rxd4 Rc7 25. Bxa6 Ra8 26. Bb5 Rxa2 27. Re1 Rb2 28. Rd3 Ne4 29. Kg2 Nc5 30. Re3 Nxb3 31. Rd1 Na5 32. Rd4 Kf8 0-1

[Event "MČR 2022 blesk"]
[Site "Turnov, Czech Republic"]
[Date "2022.09.10"]
[Round "13.1"]
[White "Plat, Vojtech"]
[Black "Vitak, Jiri"]
[Result "1-0"]
[TimeControl "2x 3 min + 2s/move"]
[WhiteElo "2484"]
[BlackElo "2043"]

1. e4 c5 2. Nf3 d6 3. d4 cxd4 4. Qxd4 a6 5. e5 Nc6 6. Qa4 e6 7. exd6 Bxd6 8. Nc3 Nf6 9.
Bg5 Be7 10. Rd1 Qb6 11. Qb3 Qxb3 12. axb3 Bd7 13. Bd3 Rd8 14.
O-O h6 15. Be3 O-O 16. Bb6 Rc8 17. Bc4 Nb8 18. Ne5 Bc6 19. Rfe1 Nbd7 20. Nxc6 Rxc6 21. Bd4 b5 22. Be2 e5 23. Be3 Bb4 24. Bd2 Nc5 25. Bf3 Rcc8 26. Rxe5 Rfd8 27.
Ree1 Ne6 28. Bb7 Rb8 29. Bf3 Nd4 30. Bf4 Nxf3+ 31. gxf3 Rxd1 32. Rxd1 Rc8 33. Be5 Bxc3 34. Bxc3 Rc6 35. Rd8+ Kh7 36. Kf1 Kg6 37. Ke2 Kf5 38. Rf8 Ke6 39. Ra8 g6 40. Bxf6 Kxf6 41. c3 Ke5 42. Ke3 Rd6 43.
f4+ Kf5 44. c4 bxc4 45. bxc4 Rb6 46. c5 Rxb2 47.
c6 Rc2 48. Rxa6 Rc3+ 49. Kd4 Rc1 50. Kd5 Kxf4 51. Ra4+ Kf3 52. Rc4 Rd1+ 53. Ke5 Rd8 54. Kf6 g5 55. Rc2 g4 56. Kxf7 h5 57. Kg6 h4 58. Kg5 h3 59. Rc3+ Kxf2 60. Kxg4 Kg2 61. Rc2+ Kg1 62. Kxh3 1-0

[Event "MČR 2022 blesk"]
[Site "Turnov, Czech Republic"]
[Date "2022.09.10"]
[Round "13.5"]
[White "Civin, Tomas"]
[Black "Polak, Tomas"]
[Result "1/2-1/2"]
[TimeControl "2x 3 min + 2s/move"]
[WhiteElo "2394"]
[BlackElo "2475"]

1. e4 c6 2. d4 d5 3. exd5 cxd5 4. c4 Nf6 5. Nc3 e6 6. Nf3 Bb4 7. Bd3 dxc4 8. Bxc4 Nc6 9. O-O O-O 10.
a3 Be7 11. Qd3 Nd5 12. Re1 Bf6 13.
Ne4 Bd7 14. Nc5 b6 15. Nxd7 Qxd7 16. Ne5 Nxe5 17. dxe5 Be7 18. Ba2 Rfd8 19. Bd2 Rac8 20.
Rad1 Qa4 21. Bb1 g6 22. Re4 Qc6 23. Qe2 a5 24. h4 Bc5 25. h5 Ne7 26. hxg6 hxg6 27. Rh4 Nf5 28. Bxf5 exf5 29. Bc3 Qe6 30. Rxd8+ Rxd8 31. Qf3 Be7 32. Rd4 Rc8 33. Rd5 Bf8 34. a4 Qc6 35. Rb5 Qxf3 36. gxf3 Bc5 37. Kf1 Kf8 38. Ke2 Ke7 39. b4 axb4 40. Bxb4 Ke6 41. a5 Bxb4 42. Rxb6+ Kxe5 43. Rxb4 Rc2+ 44. Ke3 Rc3+ 45. Ke2 Ra3 46. Rb5+ Kf4 47. Rb4+ Ke5 48. Rb5+ Kf4 49. Rb4+ Kg5 50. Rb5 Kf6 51. Rb6+ Ke5 52. Rb5+ Ke6 53. Rb6+ Kd5 54. Rf6 Rxa5 55. Rxf7 Ke5 56. Rg7 Kf6 57. Rg8 Ra2+ 58. Ke3 Ra3+ 59. Ke2 g5 60. Rb8 Ra4 61. Rb6+ Ke5 62. Rb5+ Kf4 63. Rb2 Rc4 64. Ra2 Rc5 65. Rb2 Re5+ 66. Kf1 Kxf3 67. Rb3+ Kg4 68. Kg2 Rc5 69. Rg3+ Kf4 70. Rf3+ Ke5 71. Re3+ Kf6 72.
Ra3 g4 73. Kg3 Kg5 74. Ra8 Rc3+ 75. Kg2 Rc4 76. Ra3 Kf4 77. Rb3 Ke4 78. Ra3 f4 79. f3+ gxf3+ 80. Rxf3 Rc2+ 81. Rf2 Rc3 82. Re2+ Re3 83. Ra2 f3+ 84. Kf2 Kf4 85. Ra4+ Re4 1/2-1/2

[Event "MČR 2022 blesk"]
[Site "Turnov, Czech Republic"]
[Date "2022.09.10"]
[Round "14.1"]
[White "Plat, Vojtech"]
[Black "Civin, Tomas"]
[Result "1/2-1/2"]
[TimeControl "2x 3 min + 2s/move"]
[WhiteElo "2484"]
[BlackElo "2394"]

1. e4 e5 2. Nf3 Nc6 3. Bb5 f5 4. Nc3 fxe4 5. Nxe4 d5 6. Ng3 Qf6 7. d3 Bd6 8. O-O Nge7 9. Re1 O-O 10. Bg5 Qf7 11. Bxe7 Qxe7 12. Bxc6 bxc6 13. Nxe5 Bxe5 14. Qh5 Qf6 15. Qxe5 Qxf2+ 16. Kh1 Bh3 17. Rg1 Rae8 18. Qc3 Bd7 19. Raf1 Qb6 20. Rxf8+ Rxf8 21.
Qe5 Re8 22. Qf4 Rf8 23. Qg5 Qxb2 24. Qe7 Bc8 25. Qxc7 Qxc2 26. Nh5 Qc3 27. Qxa7 Bg4 28. Ng3 h5 29. h3 Qxd3 30. Kh2 h4 31. Nh1 Bxh3 32. gxh3 Qe2+ 33. Rg2 Qe5+ 34. Kg1 Qe1+ 35. Kh2 1/2-1/2

[Event "MČR 2022 blesk"]
[Site "Turnov, Czech Republic"]
[Date "2022.09.10"]
[Round "14.2"]
[White "Trepka, Jan"]
[Black "Cerveny, Martin"]
[Result "0-1"]
[TimeControl "2x 3 min + 2s/move"]
[WhiteElo "2127"]
[BlackElo "2288"]

1. d4 Nf6 2. Nf3 c5 3. d5 b5 4. c4 e6 5. dxe6 fxe6 6. cxb5 d5 7. Nc3 a6 8. e4 d4 9. e5 dxc3 10. Qxd8+ Kxd8 11. exf6 gxf6 12. bxc3 Bg7 13. Be3 Nd7 14. a4 axb5 15. Bxb5 Bb7 16. Rd1 0-1

[Event "MČR 2022 blesk"]
[Site "Turnov, Czech Republic"]
[Date "2022.09.10"]
[Round "14.3"]
[White "Balacek, Tadeas"]
[Black "Borkovec, Milan"]
[Result "1-0"]
[TimeControl "2x 3 min + 2s/move"]
[WhiteElo "2257"]
[BlackElo "1959"]

1. c4 e5 2. b3 Nf6 3. Bb2 Nc6 4. g3 d5 5. cxd5 Nxd5 6. Bg2 Be7 7. Nc3 Nb6 8. d3 O-O 9. Nf3 Re8 10. O-O Bf8 11. Nd2 Nd4 12. Nc4 c6 13. e3 Nxc4 14. dxc4 Ne6 15. Qxd8 Rxd8 16. Rad1 Bd7 17. Rd2 Be8 18. Rfd1 Rxd2 19. Rxd2 Rd8 20. Rxd8 Nxd8 21. a3 f6 22.
b4 Bf7 23. c5 Bc4 24. f4 exf4 25.
gxf4 Kf7 26. Kf2 f5 27. e4 fxe4 28. Nxe4 h6 29. Ke3 Be7 30. Nd2 Be6 31. Nf3 Bf6 32.
Ne5+ Bxe5 33. Bxe5 g6 34. Kd4 Bf5 35. b5 Ke6 36. Bc7 Ke5+ 37. Ke4+ Ke6+ 38. Kd4 1-0

[Event "MČR 2022 blesk"]
[Site "Turnov, Czech Republic"]
[Date "2022.09.10"]
[Round "14.5"]
[White "Vykouk, Jan"]
[Black "Novosadova, Kristyna"]
[Result "1-0"]
[TimeControl "2x 3 min + 2s/move"]
[WhiteElo "2352"]
[BlackElo "2050"]

1. Nf3 d5 2. b3 Nf6 3. Bb2 c6 4. e3 Bg4 5. Be2 Nbd7 6. c4 Rc8 7. O-O g6 8. d4 Bg7 9. Nc3 h5 10. cxd5 cxd5 11. Rc1 O-O 12. h3 Bf5 13. Qd2 Ne4 14. Nxe4 Bxe4 15. Rxc8 Qxc8 16. Rc1 Qd8 17. Ba3 Re8 18. Qc3 e5 19. Qc7 exd4 20. exd4 Bf5 21. Qxd8 Rxd8 22. Rc7 Rb8 23. Bd6 Nf6 24.
Bf4 Re8 25. Bb5 Re4 26. Rc8+ Kh7 27. Ng5+ 1-0

[Event "MČR 2022 blesk"]
[Site "Turnov, Czech Republic"]
[Date "2022.09.10"]
[Round "14.7"]
[White "Finek, Vaclav"]
[Black "Sipek, Michal"]
[Result "1-0"]
[TimeControl "2x 3 min + 2s/move"]
[WhiteElo "2101"]
[BlackElo "1991"]

1. d4 d5 2. c4 e6 3. Nc3 Nf6 4. cxd5 exd5 5. Bg5 Be7 6. e3 c6 7. Bd3 h6 8. Bf4 Bd6 9. Bxd6 Qxd6 10. Nf3 Bg4 11. h3 Bxf3 12. Qxf3 Nbd7 13. O-O O-O 14.
Qe2 Rae8 15. Rae1 g6 16. Qc2 Kg7 17. a3 a6 18. Rd1 Re7 19. Qb3 Qc7 20. Rfe1 Nb6 21. Qc2 Nc8 22. f3 Rfe8 23. e4 dxe4 24. fxe4 Nh5 25. Qf2 Qf4 26. Qc2 Qc7 27. e5 Nb6 28. Ne4 Nd5 29. Bc4 Nhf4 30. Kh2 Kg8 31. g3 Nh5 32. Rf1 Kg7 33. Be2 Ne3 34. Qd2 Nxf1+ 35. Rxf1 Qd7 36. Bxh5 gxh5 37. Nf6 Qe6 38. Qd3 Rh8 39. Nxh5+ Kf8 40. Nf6 Qd5 41. Nxd5 1-0

[Event "MČR 2022 blesk"]
[Site "Turnov, Czech Republic"]
[Date "2022.09.10"]
[Round "14.8"]
[White "Sipek, Oldrich"]
[Black "Simacek, Pavel"]
[Result "1-0"]
[TimeControl "2x 3 min + 2s/move"]
[WhiteElo "1959"]
[BlackElo "2365"]

1. e4 c6 2. d4 d5 3. f3 e6 4.
Nc3 Nf6 5. Be3 Bb4 6. Qd3 b6 7.
exd5 Nxd5 8. Nge2 Ba6 9. Qd2 Nd7 10. a3 Bxe2 11. Bxe2 Bxc3 12. bxc3 Nxe3 13. Qxe3 O-O 14. O-O c5 15. Bb5 cxd4 16. cxd4 Nf6 17. a4 Qd6 18. a5 a6 19. Bd3 b5 20. c4 bxc4 21. Bxc4 Rfd8 22. Rfd1 h6 23. Qe5 Qb4 24. Be2 Nd5 25. Rdc1 Nc3 26. Bd3 Rxd4 27. Be4 Nxe4 28. fxe4 Rxe4 29. Qc7 Qd4+ 30. Kh1 Rd8 31. h3 Re2 1-0

[Event "MČR 2022 blesk"]
[Site "Turnov, Czech Republic"]
[Date "2022.09.10"]
[Round "15.1"]
[White "Kunc, Jan"]
[Black "Vykouk, Jan"]
[Result "0-1"]
[TimeControl "2x 3 min + 2s/move"]
[WhiteElo "1948"]
[BlackElo "2352"]

1. e4 c5 2. Nf3 d6 3. d4 cxd4 4. Nxd4 Nf6 5. Nc3 a6 6. Bg5 Nbd7 7. Bc4 e6 8. Bb3 Nc5 9. Qe2 Be7 10. h4 O-O 11. O-O-O Nxb3+ 12. axb3 Qc7 13. g4 b5 14. f3 b4 15. Na4 Bd7 16. Kb1 Rfc8 17. h5 Qa5 18. Bc1 Bxa4 19.
bxa4 Qxa4 20. b3 Qa5 21. g5 Nd7 22. g6 Bf6 23. gxf7+ Kxf7 24. f4 Rc3 25. Qg4 Nc5 26. Rhe1 Rc8 27.
e5 dxe5 28. fxe5 Be7 29. Rf1+ Kg8 30. Rg1 Bf8 31. Nxe6 Nxb3 32. cxb3 Rxb3+ 33. Bb2 Rxb2+ 34. Kxb2 Qa3+ 35. Kb1 Qb3+ 36. Ka1 Qc3+ 37. Kb1 Qc2+ 38. Ka1 Qa4+ 39. Kb1 Qb3+ 40. Ka1 Rc2 41. Rg2 Qa2# 0-1

[Event "MČR 2022 blesk"]
[Site "Turnov, Czech Republic"]
[Date "2022.09.10"]
[Round "15.2"]
[White "Kraus, Tomas"]
[Black "Lacina, Filip"]
[Result "1-0"]
[TimeControl "2x 3 min + 2s/move"]
[WhiteElo "2389"]
[BlackElo "2024"]

1. c4 e6 2. Nc3 d5 3. d4 c5 4.
e3 Nf6 5. Nf3 Nc6 6. a3 Bd6 7. dxc5 Bxc5 8. b4 Bd6 9. Bb2 O-O 10. cxd5 exd5 11. Be2 Re8 12. O-O Bg4 13. Rc1 a6 14. g3 h5 15. Nxd5 Ne4 16. Nc3 h4 17. Nxe4 Rxe4 18. Nxh4 Bxe2 19. Qxe2 Rxh4 20. gxh4 Qxh4 21.
f4 Qh6 1-0

[Event "MČR 2022 blesk"]
[Site "Turnov, Czech Republic"]
[Date "2022.09.10"]
[Round "15.3"]
[White "Neuman Zakoucka, Adela"]
[Black "Finek, Vaclav"]
[Result "0-1"]
[TimeControl "2x 3 min + 2s/move"]
[WhiteElo "1908"]
[BlackElo "2101"]

1. e4 c5 2. Nc3 Nc6 3. Bb5 Nd4 4. Bc4 e6 5. d3 g6 6. f4 Bg7 7. Nf3 Ne7 8.
O-O O-O 9. Ne2 d5 10. Bb3 Nxf3+ 11. gxf3 b5 12. c3 a5 13.
Ng3 a4 14. Bc2 a3 15. Qe1 b4 16. bxa3 Bxc3 17. Bd2 Bxa1 18. Qxa1 Rxa3 19. f5 dxe4 20. Nxe4 Qd4+ 21. Qxd4 cxd4 22. f6 Nd5 23. Bb3 Nc3 24. Bh6 Rd8 25.
Nc5 Ra5 26. Ne4 Ba6 27. Re1 Nd5 28. Ng5 Bxd3 29. Kf2 Bf5 30. h4 Nf4 31. Kg3 Nh5+ 32. Kf2 Nxf6 33. f4 Ng4+ 0-1

[Event "MČR 2022 blesk"]
[Site "Turnov, Czech Republic"]
[Date "2022.09.10"]
[Round "15.4"]
[White "Simacek, Pavel"]
[Black "Novotny, Josef"]
[Result "1-0"]
[TimeControl "2x 3 min + 2s/move"]
[WhiteElo "2365"]
[BlackElo "1900"]

1. e4 c6 2. d4 d5 3. Nc3 dxe4 4. Nxe4 Bf5 5. Ng3 Bg6 6.
h4 h6 7. Nh3 Nd7 8. Nf4 Bh7 9. Bc4 e6 10. Ngh5 Ngf6 11. c3 Nd5 12. Bd3 Bxd3 13. Qxd3 N7f6 14. Bd2 Nxh5 15. Nxh5 g6 16. Ng3 Qc7 17. Ne4 Bg7 18. O-O-O O-O-O 19. Qf3 Qe7 20.
g3 Nf6 21. Nc5 Rd5 22. Rhe1 Re8 23. Kb1 Rf5 24. Qe2 h5 25. Bg5 Qc7 26. c4 Ng4 27. f3 Nf6 28. g4 hxg4 29. fxg4 Rxg5 30. hxg5
Nd7 1-0

[Event "MČR 2022 blesk"]
[Site "Turnov, Czech Republic"]
[Date "2022.09.10"]
[Round "15.5"]
[White "Hosticka, Frantisek"]
[Black "Polak, Tomas"]
[Result "0-1"]
[TimeControl "2x 3 min + 2s/move"]
[WhiteElo "1987"]
[BlackElo "2475"]

1. e4 c6 2. d4 d5 3. exd5 cxd5 4.
Bd3 Nc6 5. c3 Nf6 6. h3 e5 7.
dxe5 Nxe5 8. Bb5+ Bd7 9. Bxd7+ Qxd7 10. Nf3 Bd6 11. O-O O-O 12. Bf4 Nxf3+ 13. Qxf3 Bc5 14. Nd2 Rfe8 15. Rad1 Qf5 16. Bg3 Qc2 17. Nb3 Bb6 18. Rd2 Qe4 19. Qd1 h6 20. Nd4 a6 21. Re2 Qg6 22. Rfe1 Ne4 23. Bh2 Red8 24. f3 Ng3 25.
Re3 Nf5 26. R3e2 Rac8 27. Kh1 Bxd4 28. cxd4 Kh7 29. Re5 Rc2 30. Qb1 Qxg2# 31. R5e2 Qg6 32. Qd1 0-1

[Event "MČR 2022 blesk"]
[Site "Turnov, Czech Republic"]
[Date "2022.09.10"]
[Round "15.6"]
[White "Roubalik, Jakub"]
[Black "Vokoun, Jan"]
[Result "1-0"]
[TimeControl "2x 3 min + 2s/move"]
[WhiteElo "2276"]
[BlackElo "1990"]

1. e4 c5 2. Nf3 Nc6 3. Bb5 e6 4. Bxc6 bxc6 5. O-O Ne7 6. d3 Ng6 7. Nc3 e5 8. Be3 d6 9. Ne2 Bg4 10. Nd2 Be7 11. h3 Be6 12. f4 exf4 13. Nxf4 Nxf4 14. Bxf4 O-O 15. b3 Bf6 16. Rb1 d5 17. Kh1 a5 18. Qf3 a4 19. e5 Be7 20. Qg3 Kh8 21. Nf3 axb3 22. axb3 Ra2 23. Qf2 Qa5 24. Rfc1 Ra8 25. Bg5 Bf8 26. Bd2 Qc7 27.
Qg3 Bf5 28. Nh4 Be6 29. Nf3 Qd7 30. Qh4 Bf5 31. g4 Bg6 32. Qg3 c4 33. bxc4 dxc4 34. Nh4 Qd5+ 35. Kh2 cxd3 36. Nxg6+ hxg6 37. Bc3 Qg2+ 38. Kxg2 1-0

[Event "MČR 2022 blesk"]
[Site "Turnov, Czech Republic"]
[Date "2022.09.10"]
[Round "15.7"]
[White "Mrkos, Miroslav"]
[Black "Nemec, Jachym"]
[Result "0-1"]
[TimeControl "2x 3 min + 2s/move"]
[WhiteElo "2070"]
[BlackElo "2130"]

1. d4 Nf6 2. Bg5 c5 3. d5 g6 4. g3 Bg7 5. Bg2 d6 6. Nf3 h6 7. Bc1 O-O 8. O-O b5 9. a4 Bb7 10. axb5 Bxd5 11. c4 Bb7 12. Nc3 Nbd7 13. Nd2 Bxg2 14. Kxg2 Qc7 15. Qc2 e6 16. Rd1 d5 17. b3 d4 18. Nce4 Nxe4 19. Nxe4 f5 20. Nd2 d3 21. Qb1 dxe2 22. Re1 Qb7+ 23. Kg1 Bxa1 24. Qxa1 Kh7 25.
Rxe2 e5 26. Nf1 Rfe8 27. h4 a6 28. bxa6 Rxa6 29. Qc3 Rb6 30.
Qd2 f4 31. h5 Nf8 32. gxf4 e4 33.
hxg6+ Rxg6+ 34. Ng3 Qd7 35. Qe3 Qg7 36. f5 Rg4 37. Bb2 Qg5 38. Qc3 Nd7 39. Kg2 h5 40.
Bc1 Qg8 41. Qd2 Qg7 42. Qd6 0-1

[Event "MČR 2022 blesk"]
[Site "Turnov, Czech Republic"]
[Date "2022.09.10"]
[Round "15.8"]
[White "Pisk, Petr"]
[Black "Krouzel, Jaroslav"]
[Result "1/2-1/2"]
[TimeControl "2x 3 min + 2s/move"]
[WhiteElo "2312"]
[BlackElo "1953"]

1. e4 e5 2. Nf3 Nc6 3. d4 exd4 4. c3 d5 5. exd5 Qxd5 6. cxd4 Bg4 7. Be2 Bb4+ 8.
Nc3 Nf6 9. O-O Bxc3 10. bxc3 O-O 11. c4 Qh5 12. Bb2 Ne7 13. Re1 Ng6 14. Ne5 Bxe2 15. Qxe2 Qxe2 16. Rxe2 Nf4 17. Re3 c6 18. g3 Ne6 19. Rd1 Rad8 20. Rb3 Nc5 21. Re3 Rfe8 22. Rde1 Na4 23. Ba1 Nb6 24. f4 g6 25. Kg2 Kg7 26. Ng4 Rxe3 27. Nxe3 Kf8 28. d5 Ne4 29.
dxc6 bxc6 30. Re2 f5 31. Be5 Rd3 32. g4 fxg4 33. Nxg4 Nd2 34. Nf6 Ndxc4 35. Nxh7+ Kg8 36.
Nf6+ Kf7 37. Ba1 Rd1 38. Be5 Nxe5 39. fxe5 Ke6 40. Nh7 Nd5 41. Nf8+ Kf7 42. Nd7 Nf4+ 1/2-1/2